 Seeded DCSS version 0.30.0-18-gc0e69614cb (webtiles) character file.

Game seed: 5347910883644396414 (custom seed)

299 CInkIbrahim the Chopper (level 6, -6/51 HPs)
             Began as a Draconian Fighter on May 24, 2023.
             Killed by divine providence
             ... invoked by an orc priest
              (12 damage)
             ... on level 3 of the Dungeon on May 25, 2023.
             The game lasted 00:03:10 (2274 turns).

CInkIbrahim the Chopper (Draconian Fighter)         Turns: 2274, Time: 00:03:10

Health: -6/51      AC:  7    Str: 20    XL:     6   Next: 13%
Magic:  6/6        EV: 22    Int:  9    God:
Gold:   91         SH:  4    Dex: 10    Spells: 5/5 levels left

rFire   . . .        a - +0 war axe
rCold   . . .        r - +0 buckler
rNeg    . . .        (body armour unavailable)
rPois   .            (helmet restricted)
rElec   .            (no cloak)
rCorr   .            (no gloves)
SInv    .            n - +0 pair of boots
Will    .....        (no amulet)
Stlth   +            f - +5 ring of evasion
HPRegen 0.28/turn    o - +5 ring of evasion
MPRegen 0.10/turn

%: no passive effects
@: mighty, lethally poisoned (-6 -> -11), on berserk cooldown, slowed, very slow
A: AC +6, unfitting armour, cold-blooded
a: no special abilities


You were on level 3 of the Dungeon.
You visited 1 branch of the dungeon, and saw 3 of its levels.

You collected 91 gold pieces.

Inventory:

Hand Weapons
 a - a +0 war axe (weapon)
 b - a +1 flail of pain
Missiles
 l - 10 poisoned darts (quivered)
Armour
 n - a +0 pair of boots (worn)
 r - a +0 buckler (worn)
Jewellery
 f - a +5 ring of evasion (left hand)
 o - a +5 ring of evasion (right hand)
 p - the ring of Hozustrel {*Corrode rElec rN+ Will++ MP+9}
   (You found it on level 2 of the Dungeon)

   [ring of magical power]

   rElec:     It insulates you from electricity.
   rN:        It protects you from negative energy.
   MP:        It affects your magic capacity (+9).
   *Corrode:  It may corrode you when you take damage.
   Will:      It greatly increases your willpower.
Wands
 q - a wand of iceblast (13)
Scrolls
 d - a scroll of magic mapping
 h - a scroll of vulnerability {unknown}
 i - a scroll of amnesia {unknown}
 k - a scroll of noise {unknown}
Potions
 j - a potion of haste
 m - a potion of flight


   Skills:
 - Level 3.2 Fighting
 + Level 6.5 Axes
 - Level 2.6 Dodging
 - Level 3.0 Shields


You had 5 spell levels left.
You didn't know any spells.
Your spell library contained the following spells:

 Spells                   Type           Power      Damage    Failure   Level
 Apportation              Tloc           0%         N/A       45%         1
 Necrotise                Necr           0%         1d4       45%         1
 Summon Small Mammal      Summ           0%         N/A       45%         1


Dungeon Overview and Level Annotations

Branches:
Dungeon (3/15)

Altars:
Fedhas
The Shining One

Shops:
D:3 [


Innate Abilities, Weirdness & Mutations

Your plain brown scales are hard. (AC +6)
You cannot fit into any form of body armour.
You are cold-blooded and may be slowed by cold attacks.


Message History

The water moccasin barely misses you.
You miss the water moccasin.
The water moccasin bites you but does no damage.
The water moccasin closely misses you.
You slash the water moccasin! You tail-slap the water moccasin!
The water moccasin is severely wounded.
The water moccasin bites you.
You are poisoned.
The water moccasin poisons you!
The orc priest miscasts a cantrip.
The water moccasin barely misses you. x2
You barely miss the water moccasin.
The water moccasin is severely wounded.
You feel very sick. The water moccasin bites you.
You block the water moccasin's attack.
The orc priest calls down the wrath of Beogh upon you.
Beogh smites you!
* * * LOW HITPOINT WARNING * * *
You are too injured to fight recklessly!
You are too injured to fight recklessly!
You feel better. The water moccasin bites you.
* * * LOW HITPOINT WARNING * * *
You are poisoned.
The water moccasin poisons you! The water moccasin misses you.
You completely miss the water moccasin.
The water moccasin is severely wounded.
* * * LOW HITPOINT WARNING * * *
You feel very sick.
The water moccasin completely misses you. x2
You block the water moccasin's attack.
Okay, then.
You miss the water moccasin.
Your tail-slap misses the water moccasin.
The water moccasin is severely wounded.
* * * LOW HITPOINT WARNING * * *
You feel very sick.
The water moccasin completely misses you.
The orc priest mumbles some strange prayers to Beogh against you.
Beogh smites you!
You die...

.........# #..........#
.......... ...........#
.######... #.........## .#
#.#. #..........##
.######.. #...K.......
........# #.........#
........# #...o.o...###.
........##########K.......
..........).....@So#######
........############
........######
...............
.############## .# ## # #


You could see a water moccasin, an orc priest and a kobold.

Vanquished Creatures
  Grinder (D:3)
  An orc wizard (D:3)
  3 gnolls (D:3)
  An adder (D:2)
  A dart slug (D:1)
  4 orcs (D:3)
  A ball python (D:2)
  4 endoplasms
  A giant cockroach (D:2)
  2 hobgoblins (D:2)
  5 kobolds
  2 quokkas (D:1)
  5 bats
  4 frilled lizards
  5 goblins
  6 rats
46 creatures vanquished.

Notes
Turn   | Place    | Note
-------+----------+-------------------------------------------
     0 | D:1      | CInkIbrahim the Draconian Fighter began the quest for the
                  | Orb.
     0 | D:1      | Reached XP level 1. HP: 19/19 MP: 1/1
   459 | D:1      | Reached XP level 2. HP: 25/26 MP: 2/2
   645 | D:1      | Reached skill level 3 in Axes
  1249 | D:2      | Reached XP level 3. HP: 31/31 MP: 3/3
  1567 | D:2      | Identified the ring of Hozustrel {*Corrode rElec rN+ Will++
                  | MP+9}
  1789 | D:3      | Found a blossoming altar of Fedhas.
  1822 | D:3      | Found a glowing golden altar of the Shining One.
  1895 | D:3      | Reached skill level 4 in Axes
  1935 | D:3      | Reached XP level 4. HP: 27/38 MP: 4/4
  2053 | D:3      | Found Veutahad's Armour Shoppe.
  2242 | D:3      | Noticed Grinder
  2249 | D:3      | Killed Grinder
  2250 | D:3      | Reached skill level 6 in Axes
  2250 | D:3      | Reached XP level 5. HP: 45/45 MP: 5/5
  2250 | D:3      | Reached XP level 6. HP: 51/51 MP: 6/6
  2260 | D:3      | Noticed a water moccasin
  2274 | D:3      | Killed from afar by an orc priest

Illustrated notes

Levels and vault maps discovered:
D:1:      dpeg_arrival_another_circle, layout_basic, serial_glass,
          glass_columns_b, glass_columns_a, item_on_display_a,
          minmay_strange_pillars
D:2:      layout_loops_ring, wander_ebering_terrifying_dragon_lair
D:3:      layout_rooms, fedhas_altar_1, mainiacjoe_overflow_brackets,
          tso_metal_star, serial_shops, nicolae_shop_rolling_square,
          lightli_corner_chamber, uniq_grinder

Skill      XL: |  1  2  3  4 |
---------------+-------------+-----
Axes           | 3 4 6 |  6.5
Fighting       | |  3.2
Dodging        | |  2.6
Shields        | |  3.0

Action                     |  1- 3 |  4- 6 || total
---------------------------+-------+-------++-------
  Melee: War axe           |   104 |    32 ||   136
         Tailslap          |    10 |     5 ||    15
    Use: Scroll            |     6 |       ||     6
         Potion            |       |     4 ||     4
   Stab: Sleeping          |     3 |       ||     3
 Armour: Skin              |    19 |     5 ||    24
  Dodge: Dodged            |    80 |    49 ||   129
  Block: Buckler           |    17 |     8 ||    25
